 Dungeon Crawl Stone Soup version 0.20-a0-1000-g0e8f6bb (webtiles) character file.

4353 Monsterracer the Grappler (level 10, -2/96 HPs)
             Began as a Troll Monk on Apr 12, 2017.
             Slain by a black mamba (18 damage)
             ... on level 2 of the Lair of Beasts.
             The game lasted 00:24:23 (6947 turns).

Monsterracer the Grappler (Troll Monk)              Turns: 6947, Time: 00:24:24

Health: -2/96      AC:  8    Str: 24    XL:     10   Next: 12%
Magic:  9/9        EV: 12    Int:  6    God:
Gold:   375        SH:  0    Dex: 12    Spells: 9/9 levels left

rFire    . . .     SeeInvis .     - Unarmed
rCold    . . .     Gourm    +   (no shield)
rNeg     + . .     Faith    .   a - +0 robe
rPois    .         Spirit   .   (helmet restricted)
rElec    .         Reflect  .   j - +1 cloak
rCorr    .         Harm     .   (gloves unavailable)
MR       .....                  (boots unavailable)
Stlth    ++........             (no amulet)
Regen    0.7/turn               g - ring of positive energy
MPRegen  0.2/turn               l - +1 ring of protection

@: no status effects
A: unfitting armour, claws 3, fast metabolism 3, gourmand, regeneration 1,
shaggy fur 1, tough skin 2
a: no special abilities


You were on level 2 of the Lair of Beasts.
You were full.

You visited 2 branches of the dungeon, and saw 11 of its levels.

You collected 375 gold pieces.

Inventory:

Missiles
 c - 3 javelins of returning (quivered)
 u - 228 stones
 w - 2 tomahawks
Armour
 a - a +0 robe (worn)
 j - a +1 cloak (worn)
 p - a scarf of cold resistance
Jewellery
 g - a ring of positive energy (left claw)
 h - an uncursed ring of ice
 l - a +1 ring of protection (right claw)
 s - an uncursed ring of flight
Wands
 k - a wand of flame (17/48)
 n - a wand of paralysis (6/24)
 t - a wand of lightning (6/15)
Scrolls
 e - 7 scrolls of identify
 f - a scroll of enchant weapon
 m - a scroll of fear
 o - 3 scrolls of remove curse
 x - a scroll of teleportation
 y - a scroll of enchant armour
Potions
 i - 2 potions of lignification
 r - a potion of flight
 v - 2 potions of resistance
Comestibles
 b - 10 bread rations
 d - 6 meat rations


   Skills:
 + Level 5.4 Fighting
 + Level 5.4 Throwing
 + Level 5.7 Dodging
 - Level 2.1 Stealth
 * Level 10.9 Unarmed Combat


You had 9 spell levels left.
You didn't know any spells.

Dungeon Overview and Level Annotations

Branches:
Dungeon (8/15)             Temple (0/1) D:4            Lair (3/6) D:8
  Swamp: Lair:2-4    Shoals: Lair:2-4     Snake: Lair:2-4    Spider: Lair:2-4

Altars:
Ru
The Shining One

Shops:
D:5 *

Annotations:
Lair:2 exclusion: oklob plant


Innate Abilities, Weirdness & Mutations

You are too large for most types of armour.
You have claws for hands.
Your metabolism is lightning-fast.
You like to eat raw meat.
Your natural rate of healing is unusually fast.
You are covered in fur. (AC +1)
You have very tough skin. (AC +2)


Message History

The black mamba poisons you! The black mamba bites you!
* * * LOW HITPOINT WARNING * * *
You miss the black mamba.
The black mamba is heavily wounded.
* * * LOW HITPOINT WARNING * * *
You feel very sick.
The black mamba bites you but does no damage.
You barely miss the black mamba.
The black mamba is heavily wounded.
* * * LOW HITPOINT WARNING * * *
You feel very sick. The black mamba bites you!
* * * LOW HITPOINT WARNING * * *
The black mamba bites you.
* * * LOW HITPOINT WARNING * * *
You feel better. The black mamba barely misses you.
You claw the black mamba!
The black mamba is severely wounded.
The black mamba closely misses you. The black mamba bites you!!
You die...

##
#............#
#............#
###....#...###
##......####
...........##
...........P#
...........##
...........#.#
.......S@...#
............#
#############


You could see a black mamba.

Vanquished Creatures
  2 komodo dragons
  3 blink frogs (Lair:2)
  A yak (D:6)
  Menkaure (D:6)
  A porcupine (Lair:1)
  3 ice beasts
  2 sky beasts
  4 ogres
  2 phantoms
  2 crocodiles (Lair:1)
  A centaur (D:5)
  3 big kobolds
  A bullfrog (D:7)
  A wyvern skeleton (D:6)
  A scorpion (D:4)
  6 crimson imps
  2 bullfrog zombies
  2 quasits
  Crazy Yiuf (D:2)
  2 centaur zombies
  3 orc priests
  A jelly (D:6)
  3 bullfrog skeletons
  4 hounds
  Jessica (D:2)
  5 orc wizards
  5 worker ants
  2 hound zombies (D:5)
  A hound skeleton (D:5)
  3 howler monkey zombies (D:5)
  2 worker ant zombies (D:5)
  7 gnolls
  6 adders
  4 shadow imps
  4 adder skeletons
  2 worms
  4 leopard geckos
  10 orcs
  A ball python (D:5)
  2 giant cockroaches
  4 goblins
  5 hobgoblins
  13 jackals
  20 kobolds
  2 quokkas
  8 bats
  A frilled lizard (D:1)
  2 jackal skeletons
  A quokka zombie (D:5)
  7 rats
174 creatures vanquished.

Vanquished Creatures (others)
  2 plants (D:8)
2 creatures vanquished.

Grand Total: 176 creatures vanquished

Notes
Turn   | Place    | Note
-------+----------+-------------------------------------------
     0 | D:1      | Monsterracer the Troll Monk began the quest for the Orb.
     0 | D:1      | Reached XP level 1. HP: 23/23 MP: 0/0
    47 | D:1      | Reached skill level 1 in Unarmed Combat
    50 | D:1      | Reached skill level 2 in Unarmed Combat
    50 | D:1      | Reached XP level 2. HP: 10/31 MP: 1/1
   733 | D:1      | Reached XP level 3. HP: 37/37 MP: 2/2
   895 | D:2      | Noticed Jessica
   899 | D:2      | Reached skill level 3 in Unarmed Combat
   904 | D:2      | Killed Jessica
   944 | D:2      | Reached XP level 4. HP: 45/45 MP: 3/3
  1143 | D:2      | Found a runed door.
  1147 | D:2      | Noticed Crazy Yiuf
  1153 | D:2      | Killed Crazy Yiuf
  1153 | D:2      | Reached skill level 4 in Unarmed Combat
  1625 | D:3      | Noticed a phantom
  1882 | D:3      | Killed a phantom
  1882 | D:3      | Reached skill level 5 in Unarmed Combat
  1882 | D:3      | Reached XP level 5. HP: 28/53 MP: 4/4
  2308 | D:4      | Reached XP level 6. HP: 61/61 MP: 5/5
  2360 | D:4      | Reached skill level 6 in Unarmed Combat
  2498 | D:4      | Found a staircase to the Ecumenical Temple.
  3152 | D:5      | Entered Level 5 of the Dungeon
  3198 | D:5      | Reached skill level 7 in Unarmed Combat
  3229 | D:5      | Reached XP level 7. HP: 56/67 MP: 6/6
  3546 | D:5      | Reached skill level 8 in Unarmed Combat
  3888 | D:5      | Found Zymaovo's General Store.
  4282 | D:6      | Reached XP level 8. HP: 75/78 MP: 7/7
  4517 | D:6      | Reached skill level 9 in Unarmed Combat
  4808 | D:6      | Reached skill level 1 in Throwing
  4809 | D:6      | Noticed Menkaure
  4814 | D:6      | Killed Menkaure
  4888 | D:6      | Reached XP level 9. HP: 21/84 MP: 8/8
  5177 | D:6      | Found a sacrificial altar of Ru.
  5619 | D:7      | Reached skill level 10 in Unarmed Combat
  5933 | D:7      | Reached skill level 5 in Dodging
  6432 | D:8      | Found a staircase to the Lair.
  6433 | D:8      | Noticed a komodo dragon
  6465 | D:8      | Killed a komodo dragon
  6465 | D:8      | Reached skill level 5 in Fighting
  6465 | D:8      | Reached skill level 5 in Throwing
  6511 | Lair:1   | Entered Level 1 of the Lair of Beasts
  6629 | Lair:1   | Noticed a komodo dragon
  6636 | Lair:1   | Killed a komodo dragon
  6699 | Lair:2   | Noticed an oklob plant
  6703 | Lair:2   | Found a glowing golden altar of the Shining One.
  6724 | Lair:2   | Reached XP level 10. HP: 59/96 MP: 9/9
  6933 | Lair:3   | Noticed a black mamba
  6945 | Lair:2   | HP: 3/96 [black mamba (2)]
  6947 | Lair:2   | Slain by a black mamba

Vault maps used:
D:1:      saegor_arrival_simple_d, kennysheep_another_room
D:2:      minmay_stone_trees_small, uniq_crazy_yiuf_cottage, uniq_jessica
D:3:      fountainhead
D:4:      minmay_temple_entry_grid, first_bread
D:5:      serial_shops, nicolae_shop_crystal, serial_undead, serial_undead_e,
          serial_undead_c, serial_undead_a, serial_undead_d, serial_undead_a
D:6:      basic_altar, kb_rosetta, uniq_menkaure
D:7:      grunt_ogre_cave
D:8:      minmay_quarter_circles, grunt_temple_overflow_open,
          david_lair_shrubbed, brannock_xom_greatest_gift, uniq_grum,
          uniq_psyche
Lair:1:   grunt_megastairs_5
Lair:2:   spider_nest_entry_webs, basic_altar, lemuel_fruit_tree
Lair:3:   special_room, minivault_25, minivault_23, st_stairs_8

Skill      XL: |  1  2  3  4  5  6  7  8  9 |
---------------+----------------------------+-----
Unarmed Combat | 2 3 5 7 8 9 10 | 10.9
Dodging        | 4 5 |  5.7
Fighting       | 4 5 |  5.4
Throwing       | 3 5 |  5.4
Stealth        | |  2.1

Action                   |  1- 3 |  4- 6 |  7- 9 | 10-12 || total
-------------------------+-------+-------+-------+-------++-------
Melee: Unarmed           |    67 |   113 |   363 |    29 ||   572
       Punch             |       |     4 |    15 |     1 ||    20
Throw: Stone             |       |       |     7 |       ||     7
       Tomahawk          |       |       |     5 |       ||     5
       Javelin           |       |       |     9 |     5 ||    14
  Use: Potion            |     2 |     3 |     5 |     2 ||    12
       Scroll            |       |     1 |    11 |       ||    12
 Stab: Sleeping          |     4 |     4 |     4 |     1 ||    13
  Eat: Chunk             |    14 |    13 |    31 |       ||    58
       Fruit             |       |     2 |     3 |       ||     5
       Royal jelly       |       |       |     2 |       ||     2
Armor: Robe              |    26 |    28 |   112 |     5 ||   171
Dodge: Dodged            |    33 |    60 |   190 |    15 ||   298
